 Dungeon Crawl Stone Soup version 0.23-a0-837-ga3e6480 (console) character file.

545 bli the Slasher (level 7, -8/55 HPs)
             Began as a Barachi Monk on Jan 24, 2019.
             Was an Elder of Cheibriados.
             Killed by nerve-wracking pain
             ... invoked by Grinder
              (10 damage)
             ... on level 4 of the Dungeon.
             The game lasted 00:15:48 (4315 turns).

bli the Slasher (Barachi Monk)                      Turns: 4315, Time: 00:15:49

Health: -8/55      AC:  4    Str: 21    XL:     7   Next: 27%
Magic:  7/7        EV: 15    Int: 20    God:    Cheibriados [****..]
Gold:   151        SH:  6    Dex: 25    Spells: 6/6 levels left

rFire    x . .     SeeInvis +   a - +0 falchion
rCold    + . .     Gourm    .   m - +0 buckler
rNeg     . . .     Faith    .   u - +0 leather armour
rPois    .         Spirit   .   (no helmet)
rElec    .         Reflect  .   (no cloak)
rCorr    .         Harm     .   (no gloves)
MR       .....                  B - +0 pair of boots
Stlth    +++.......             e - amulet of the acrobat
HPRegen  0.18/turn              x - ring of see invisible
MPRegen  0.10/turn              y - ring of ice

@: flying (expiring), very slow
A: +LOS, swims, slowness 1, strong legs 1
a: Hop, Bend Time, Temporal Distortion, Slouch, Renounce Religion


You were on level 4 of the Dungeon.
You worshipped Cheibriados.
Cheibriados was greatly pleased with you.
You were not hungry.

You visited 1 branch of the dungeon, and saw 5 of its levels.

You collected 151 gold pieces.

Inventory:

Hand Weapons
 a - a +0 falchion (weapon)
 h - a +0 hunting sling
Missiles
 g - 29 poisoned needles
 k - 131 stones (quivered)
 l - 5 tomahawks
Armour
 b - a +0 robe
 m - a +0 buckler (worn)
 u - a +0 leather armour (worn)
 v - a +2 plate armour of magic resistance
 B - a +0 pair of boots (worn)
Jewellery
 e - an amulet of the acrobat (around neck)
 x - a ring of see invisible (left hand)
 y - a ring of ice (right hand)
Scrolls
 d - a scroll of fog {unknown}
 f - a scroll of blinking {unknown}
 p - 4 scrolls of identify {unknown}
 q - a scroll of fear {unknown}
 t - 4 scrolls of teleportation {unknown}
 w - a scroll of amnesia {unknown}
 z - a scroll of enchant armour {unknown}
Potions
 i - 2 potions of curing {unknown}
 j - a potion of resistance {unknown}
 n - 2 potions of heal wounds
 o - 3 potions of flight
 r - a potion of haste {unknown}
 s - a potion of invisibility {unknown}
 A - a potion of mutation {unknown}
Comestibles
 c - 6 rations


   Skills:
 + Level 4.8 Fighting
 * Level 7.6 Long Blades
 + Level 0.1 Armour
 + Level 4.1 Dodging
 + Level 2.9 Stealth
 * Level 2.2 Shields


You had 6 spell levels left.
You didn't know any spells.
Your spell library was empty.

Dungeon Overview and Level Annotations

Branches:
Dungeon (5/15)             Temple (0/1) D:4

Altars:
Cheibriados
Sif Muna
Uskayaw
Zin

Shops:
D:4 %

Annotations:
D:4 Grinder
D:5 Sigmund


Innate Abilities, Weirdness & Mutations

Shadows flee at your approach. (+LOS)
You can swim through water.
You cover ground slowly.
You can hop short distances.


Message History

Grinder is almost dead.
You block Grinder's attack.
You barely miss Grinder.
Grinder is almost dead.
Grinder blinks!
Grinder gestures at you. Pain shoots through your body!
Grinder gestures at you.
You struggle to resist.
You are starting to lose your buoyancy.
Grinder hits you.
You writhe in agony.
* * * LOW HITPOINT WARNING * * *
Grinder gestures at you. Pain shoots through your body!
* * * LOW HITPOINT WARNING * * *
You closely miss Grinder.
Grinder is almost dead.
Grinder gestures at you. Pain shoots through your body!
You die...

### ##### ..# #...# #######
#.######...# ######## #.....#
#.....##[..# #......# #.....#
#.###.##...# #......# #.....#
#.# #.##...# #......# #.....#
#.###.##...# #..@...# #.....#
#.....##...# #..5>..# #......
#.######...###......# #.....#
#..........'........# #.....#
###.####...#.#......# #######
#.####...#.###+#### #...
#.................# ##### #.##
#.....##..........# #...# #.#.
#.....#...........###...####.#.
###.#.#...................##.#.
#.#...........#.#.#.#.#.##.#.


You could see Grinder.

Vanquished Creatures
  A necrophage (D:5)
  An ogre (D:4)
  Blork the orc (D:4)
  A hound (D:4)
  2 worker ants (D:4)
  7 gnolls
  6 adders
  3 oozes
  2 adder skeletons
  A worm (D:2)
  2 dart slugs (D:1)
  3 leopard geckos
  3 orcs (D:3)
  7 giant cockroaches
  10 hobgoblins
  5 jackals
  5 kobolds
  4 quokkas
  5 bats
  8 frilled lizards
  7 goblins
  8 rats
92 creatures vanquished.

Notes
Turn   | Place    | Note
-------+----------+-------------------------------------------
     0 | D:1      | bli the Barachi Monk began the quest for the Orb.
     0 | D:1      | Reached XP level 1. HP: 18/18 MP: 1/1
   177 | D:1      | Reached skill level 4 in Long Blades
   196 | D:1      | Reached XP level 2. HP: 21/25 MP: 2/2
   909 | D:1      | Reached XP level 3. HP: 29/30 MP: 3/3
  1523 | D:2      | Found a snail-covered altar of Cheibriados.
  1527 | D:2      | Became a worshipper of Cheibriados the Contemplative
  1527 | D:2      | Reached * piety under Cheibriados
  1527 | D:2      | Reached ** piety under Cheibriados
  1635 | D:2      | Reached skill level 5 in Long Blades
  1658 | D:2      | Reached XP level 4. HP: 23/37 MP: 4/4
  1838 | D:2      | Found a glowing silver altar of Zin.
  2231 | D:3      | Reached XP level 5. HP: 34/43 MP: 5/5
  2285 | D:3      | Reached *** piety under Cheibriados
  2430 | D:3      | Reached skill level 6 in Long Blades
  2637 | D:3      | Reached skill level 1 in Shields
  3065 | D:4      | Noticed an ogre
  3077 | D:4      | Killed an ogre
  3077 | D:4      | Reached XP level 6. HP: 24/49 MP: 6/6
  3079 | D:4      | Found a staircase to the Ecumenical Temple.
  3082 | D:4      | Reached **** piety under Cheibriados
  3321 | D:4      | Found Bizumyhi's Food Emporium.
  3384 | D:4      | Noticed Blork the orc
  3403 | D:4      | Killed Blork the orc
  3403 | D:4      | Reached skill level 7 in Long Blades
  3783 | D:4      | Reached XP level 7. HP: 41/55 MP: 7/7
  3948 | D:4      | Found a deep blue altar of Sif Muna.
  3988 | D:5      | Entered Level 5 of the Dungeon
  4001 | D:5      | Found a hide-covered altar of Uskayaw.
  4187 | D:5      | Noticed Grinder
  4188 | D:5      | Noticed Sigmund
  4285 | D:4      | Paralysed by Grinder for 2 turns
  4314 | D:4      | HP: 2/55 [Grinder/nerve-wracking pain (12)]
  4315 | D:4      | Killed from afar by Grinder

Vault maps used:
D:1:      onia_arrival_mini_maze_b
D:2:      marbit_many_paths, nicolae_overflow_crystal_walls
D:4:      lemuel_blue_sif_altar, minmay_temple_entry_glass, serial_shops,
          nicolae_shop_stone, first_ration, uniq_blork_the_orc
D:5:      kennysheep_mini, grunt_temple_overflow_bloody_war, chei_slow_surprise,
          uniq_crazy_yiuf_cottage, uniq_sigmund, uniq_grinder

Skill      XL: |  1  2  3  4  5  6 |
---------------+-------------------+-----
Long Blades    | 4 5 6 7 |  7.6
Fighting       | 4 |  4.8
Stealth        | 2 |  2.9
Shields        | 1 2 |  2.2
Dodging        | 4 |  4.1
Armour         | |  0.1

Action                   |  1- 3 |  4- 6 |  7- 9 || total
-------------------------+-------+-------+-------++-------
Melee: Falchion          |    81 |   143 |    55 ||   279
Throw: Stone             |       |     5 |     1 ||     6
 Abil: Hop               |       |       |     1 ||     1
  Use: Potion            |       |       |     2 ||     2
 Stab: Sleeping          |     3 |     8 |       ||    11
  Eat: Chunk             |     3 |     4 |     1 ||     8
Armor: Robe              |    18 |    16 |       ||    34
       Leather armour    |       |       |     5 ||     5
Dodge: Dodged            |   157 |   188 |    55 ||   400
Block: Buckler           |       |    40 |    23 ||    63
       Rpst.: Falchion   |    45 |    68 |    16 ||   129

Table legend:
 A = Non-vault XP
 B = Vault XP
 C = Vault XP percentage of total XP
 D = Non-vault monster count
 E = Vault monster count
 F = Vault count percentage of total count
                 A         B        C        D         E       F
            +---------+---------+-------+---------+---------+-------
      Total |     670 |     109 |  14.0 |      90 |       2 |   2.2
            +---------+---------+-------+---------+---------+-------
        D:1 |      39 |       0 |   0.0 |      22 |       0 |   0.0
        D:2 |     104 |      13 |  11.1 |      22 |       1 |   4.3
        D:3 |     133 |       0 |   0.0 |      30 |       0 |   0.0
        D:4 |     244 |      96 |  28.2 |      10 |       1 |   9.1
        D:5 |     150 |       0 |   0.0 |       6 |       0 |   0.0
            +---------+---------+-------+---------+---------+-------
